 Dungeon Crawl Stone Soup version 0.22-a0-348-gd16d139 (webtiles) character file.

203803 JeffiDaFish the Scorcher (level 18, -2/145 HPs)
             Began as a Black Draconian Fire Elementalist on Apr 10, 2018.
             Was a High Priest of Sif Muna.
             Succumbed to a sea snake's poison
             ... on level 3 of the Shoals on Apr 11, 2018.
             The game lasted 03:10:49 (61880 turns).

JeffiDaFish the Scorcher (DrFE)                    Turns: 61880, Time: 03:10:49

Health: -2/145     AC: 17    Str: 11      XL:     18   Next: 37%
Magic:  21/47      EV: 17    Int: 29 (30) God:    Sif Muna [*****.]
Gold:   1815       SH:  0    Dex: 10 (13) Spells: 6/49 levels left

rFire    + + +     SeeInvis .   P - +7 great mace "Firestarter" {inner flame, rF++}
rCold    . . .     Gourm    +   (shield currently unavailable)
rNeg     . . .     Faith    .   (armour unavailable)
rPois    .         Spirit   .   s - +2 hat
rElec    +         Reflect  .   k - scarf {cloud immunity}
rCorr    .         Harm     .   M - +1 pair of gloves of Weatt {*Slow Int+6}
MR       +....                  f - +2 pair of boots
Stlth    ++........             i - amulet of the gourmand
HPRegen  0.34/turn              E - ring of magical power
MPRegen  0.30/turn              K - +5 ring of evasion

@: lethally poisoned (-2 -> -32), flying, very slightly contaminated, slowed,
divine energy, very slow
A: breathe lightning, unfitting armour, big wings, clever 1, deterioration 1,
fire resistance 1, electricity resistance, cold-blooded, MP-powered wands, AC
+10
a: Breathe Lightning, Stop Flying, Stop Divine Energy, Channel Magic, Forget
Spell, Renounce Religion


You were on level 3 of the Shoals.
You worshipped Sif Muna.
Sif Muna was extremely pleased with you.
You were not hungry.

You visited 7 branches of the dungeon, and saw 34 of its levels.
You also visited: Sewer.

You collected 3431 gold pieces.
You spent 1616 gold pieces at shops.

Inventory:

Hand Weapons
 g - a +5 flail of crushing
 P - the +7 great mace "Firestarter" (weapon) {inner flame, rF++}
   (You took it off a fire giant on level 1 of the Elven Halls)

   It has been specially enchanted to burn those struck by it, causing extra
   injury to most foes and up to half again as much damage against particularly
   susceptible opponents.
   It greatly protects you from fire.
Armour
 f - a +2 pair of boots (worn)
 k - a scarf of cloud immunity (worn)
 s - a +2 hat (worn)
 H - the -1 pair of gloves of the Vanishing Cities {rC+ Str+4 Int+3}
   (You found it on level 3 of the Lair of Beasts)

   It affects your strength (+4).
   It affects your intelligence (+3).
   It protects you from cold.
 M - the +1 pair of gloves of Weatt (worn) {*Slow Int+6}
   (You bought it in a shop on level 2 of the Orcish Mines)

   It affects your intelligence (+6).
   It may slow you when you take damage.
Jewellery
 d - an uncursed ring of resist corrosion
 e - an uncursed ring of protection from fire
 i - an amulet of the gourmand (around neck)
 q - an uncursed ring of see invisible
 t - an uncursed ring of protection from fire
 E - a ring of magical power (left hand)
 G - a cursed ring of protection from cold
 K - a +5 ring of evasion (right hand)
 O - the amulet of Law {Fragile +Fly Regen+ Int+3}
   (You bought it in a shop on level 2 of the Orcish Mines)

   [amulet of regeneration]

   It affects your intelligence (+3).
   It lets you fly.
   It increases your rate of regeneration.
   It will be destroyed if unequipped.
Wands
 v - a wand of disintegration (57)
 B - a wand of acid (14)
 C - a wand of paralysis (19)
 D - a wand of iceblast (16)
 R - a wand of digging (5)
Scrolls
 h - 24 scrolls of identify
 j - 3 scrolls of magic mapping
 o - 7 scrolls of teleportation
 r - 12 scrolls of remove curse
 y - a scroll of enchant armour
 A - 2 scrolls of fog
 I - 3 scrolls of enchant weapon
 L - 3 scrolls of amnesia
 T - a scroll of silence
Potions
 a - 3 potions of mutation
 c - 3 potions of ambrosia
 l - 5 potions of haste
 m - 4 potions of curing
 n - 3 potions of flight
 p - a potion of cancellation
 w - 6 potions of brilliance
 x - 3 potions of might
 z - 3 potions of heal wounds
 F - 3 potions of agility
 J - 3 potions of magic
 N - 3 potions of resistance
Comestibles
 b - 59 rations


   Skills:
 - Level 9.3 Fighting
 + Level 8.6 Maces & Flails
 - Level 1.7 Dodging
 - Level 1.7 Stealth
 * Level 16.3 Spellcasting
 + Level 16.3 Conjurations
 - Level 10.3 Summonings
 * Level 17.1 Fire Magic


You had 6 spell levels left.
You knew the following spells:

 Your Spells              Type           Power        Failure   Level  Hunger
a - Ignition              Fire           #######...   11%         8    ######.
b - Conjure Flame         Conj/Fire      #######.     0%          3    None
c - Sticky Flame          Conj/Fire      #######.     1%          4    None
d - Fireball              Conj/Fire      #######...   1%          5    None
e - Summon Demon          Summ           ######....   1%          5    None
f - Bolt of Magma         Conj/Fire/Erth ######....   1%          5    None
g - Bolt of Fire          Conj/Fire      #######...   1%          6    ###....
h - Orb of Destruction    Conj           #######...   1%          7    #####..


Dungeon Overview and Level Annotations

Branches:
Dungeon (15/15)            Temple (1/1) D:5            Lair (6/6) D:9
 Shoals (4/4) Lair:3        Snake (3/4) Lair:4        Slime (0/5) Lair:6
    Orc (2/2) D:12            Elf (3/3) Orc:2        Vaults (0/5) D:14
 Depths (0/5) D:15

Altars:
Ashenzari
Dithmenos
Fedhas
Gozag
Hepliaklqana
Kikubaaqudgha
Nemelex Xobeh
Okawaru
Qazlal
Sif Muna
Uskayaw
Vehumet
Wu Jian
Xom
Yredelemnul
Zin
Beogh

Shops:
Orc:1 !   Orc:2 =*[([

Annotations:
D:10 heteroy's ghost, journeyman DsWn
Lair:1 estick's ghost, journeyman HOGl
Lair:3 exclusion: 3 oklob plants


Innate Abilities, Weirdness & Mutations

You can breathe wild blasts of lightning.
Your glossy black scales are hard. (AC +10)
You cannot fit into any form of body armour.
Your large and strong wings let you fly indefinitely.
You are resistant to electric shocks. (rElec)
You are cold-blooded and may be slowed by cold attacks.
Your mind is acute. (Int +2)
Your body sometimes deteriorates upon taking damage.
Your flesh is heat resistant. (rF+)
You expend magic power (3 MP) to strengthen your wands.


Message History

The sea snake misses you. The sea snake closely misses you.
Casting: Orb of Destruction (safe; 1% risk of failure)
Confirm with . or Enter, or press ? or * to list all spells.
Aiming: Orb of Destruction (safe; 1% risk of failure)
Press: ? - help, Shift-Dir - straight line, f - sea snake
Aim: a sea snake The wavering orb of destruction weakly hits the sea snake.
The sea snake is almost dead.
* * * LOW HITPOINT WARNING * * *
You feel extremely sick.
The sea snake bites you but does no damage.
You feel better. The sea snake barely misses you. The sea snake bites you!!
* * * LOW HITPOINT WARNING * * *
You are lethally poisoned!
The sea snake poisons you!
Blink to where?
Press: ? - help, Dir - move target cursor, p - sea snake You are very lightly contaminated with residual magic.
As you read the scroll of blinking, it crumbles to dust.
You die...

.....≈≈≈≈≈≈≈≈≈≈≈≈≈≈...## ##....
.....≈≈≈≈≈≈≈≈≈P≈≈≈....# #...#.
.#...≈≈≈≈≈≈≈≈≈≈≈≈≈...## #.....
......≈≈≈≈≈≈≈≈≈P≈≈..## #...#.
....≈...≈≈≈P≈≈≈P≈≈.###### #...##
≈...≈≈≈.≈≈≈≈PP≈≈≈≈.P....# #...##
≈≈.#..##.≈≈≈≈≈≈≈.≈≈.....# #P....
≈..##..##≈≈≈≈≈PP≈≈P≈≈≈..## #.....
≈.........≈.≈≈P≈@≈≈≈≈≈...# ##P.P.
≈≈≈≈≈...P..≈≈P≈≈≈≈≈(.≈≈..#####...
≈≈≈≈≈≈≈..≈≈≈≈≈≈P≈≈P≈≈≈≈≈.P.(....≈
≈.#.≈≈≈≈≈≈≈≈≈≈≈≈≈≈≈≈≈≈≈........<≈
..##.≈≈≈≈≈≈≈≈≈≈≈≈≈≈≈≈.....!...PP≈
≈...≈≈≈≈≈≈≈≈≈≈≈≈≈≈≈≈≈..###...≈≈≈≈
≈≈≈≈≈≈≈≈≈≈≈≈≈≈≈≈≈...≈..# #...≈≈≈≈
≈≈≈≈≈≈≈≈≈≈≈≈≈≈≈≈..#.§S.###.....PP
≈≈≈≈≈≈≈≈≈≈≈≈≈≈≈≈.###)...##.>..#PP


You could see a sea snake.

Vanquished Creatures
  The ghost of ultracola the Bludgeoner, a veteran FoFi of Qazlal (Elf:2)
  Saint Roka (Snake:2)
  A deep elf blademaster (Elf:2)
  Polyphemus (Shoals:3)
  Frances (D:12)
  3 krakens
  2 nagarajas (Snake:2)
  2 fire giants
  A deep elf sorcerer (Elf:3)
  An orc warlord (Orc:2)
  Nessos (D:12)
  A dire elephant (Lair:6)
  3 deep elf annihilators (Elf:3)
  A deep elf demonologist (Elf:3)
  Azrael (D:12)
  A merfolk javelineer (Shoals:3)
  2 deep elf death magi (Elf:1)
  Josephine (Shoals:1)
  A rakshasa (D:15)
  2 merfolk impalers
  3 vault guards (D:14)
  12 hydras
  2 merfolk avatars
  2 centaur warriors
  9 naga warriors
  A catoblepas (Shoals:3)
  4 anacondas
  A merfolk aquamancer (Shoals:3)
  3 satyrs
  6 death yaks
  6 two-headed ogres
  26 dancing weapons
  5 shock serpents
  4 orc high priests
  6 naga sharpshooters
  Sonja (D:13)
  14 deep elf knights
  5 skeletal warriors (D:13)
  12 sea snakes
  6 unseen horrors
  2 naga ritualists
  7 deep elf archers
  2 lindwurms (Lair:6)
  3 harpies (Shoals:2)
  4 orc knights
  35 deep elf magi
  6 cyclopes
  A harpy (shapeshifter) (Elf:1)
  6 ugly things
  6 mana vipers
  6 orc sorcerers
  2 centaur zombies
  7 fauns
  9 manticores
  5 merfolk sirens
  22 black mambas
  3 salamanders
  5 elephants
  2 centaur skeletons
  11 spiny frogs
  A torpor snail (Lair:6)
  7 naga magi
  3 water nymphs
  Psyche (D:12)
  10 komodo dragons
  5 rime drakes
  A polar bear (shapeshifter) (D:15)
  20 merfolk
  4 trolls
  A hornet (D:13)
  A queen bee (Lair:2)
  A wind drake (Shoals:3)
  13 blink frogs
  5 snapping turtles
  15 hippogriffs
  14 dream sheep
  The ghost of dang3rdave the Cudgeler, an amateur GrMo of Makhleb (D:4)
  2 shadows
  An air elemental (Elf:3)
  4 wraiths (Shoals:1)
  12 water elementals
  4 fire bats (Elf:1)
  A vampire (D:15)
  A wyvern (D:15)
  5 fire elementals
  2 basilisks
  41 yaks
  Grum (D:9)
  5 vampire mosquitoes (D:12)
  A hungry ghost (D:10)
  2 wargs (Orc:2)
  7 water moccasins
  Menkaure (D:6)
  2 hell hounds
  22 nagas
  2 soldier ants
  6 porcupines
  A black bear (Lair:2)
  2 ice beasts
  2 sky beasts
  44 orc warriors
  3 eyes of draining
  A phantom (D:6)
  13 ogres
  12 centaurs
  11 wolves
  8 crocodiles
  3 big kobolds
  15 bullfrogs
  6 earth elementals
  2 wyvern skeletons
  7 scorpions
  24 killer bees
  3 howler monkeys
  7 electric eels
  5 crimson imps
  3 bullfrog zombies
  3 jellies
  4 hounds
  3 bullfrog skeletons
  25 orc priests
  An iguana (D:8)
  26 orc wizards
  8 worker ants
  5 hell rats (Lair:2)
  A hound zombie (D:9)
  12 adders
  4 gnolls
  A river rat (Sewer)
  6 shadow imps
  6 oozes
  An adder zombie (D:7)
  2 adder skeletons
  4 worms
  A dart slug (D:1)
  4 leopard geckos
  127 orcs
  2 ball pythons
  3 giant cockroaches
  12 goblins
  11 hobgoblins
  6 jackals
  5 quokkas
  10 bats
  A frilled lizard (D:3)
  A giant cockroach zombie (D:5)
  18 kobolds
  A leopard gecko zombie (D:5)
  2 quokka skeletons
  10 rats
  2 fungi (Lair:4)
  13 plants
  5 tentacles
1043 creatures vanquished.

Vanquished Creatures (collateral kills)
  2 hydras
  A vault guard (D:14)
  A death yak (Lair:6)
  2 orc high priests (Orc:2)
  An orc knight (Orc:2)
  An oklob plant (Lair:4)
  An elephant (Lair:4)
  A cyclops (D:14)
  A centaur zombie (D:11)
  3 spiny frogs
  A komodo dragon (Lair:4)
  3 blink frogs
  A hippogriff (Lair:6)
  3 yaks (Lair:3)
  3 fire bats (Elf:1)
  A naga (Snake:1)
  4 water moccasins
  3 orc warriors (Orc:2)
  4 wolves (Lair:4)
  A bullfrog (Lair:3)
  A scorpion (D:11)
  3 killer bees (Lair:2)
  2 crimson imps
  3 orc priests (Orc:2)
  A worker ant (D:11)
  4 orc wizards
  An adder (D:11)
  10 orcs
  A kobold (D:12)
64 creatures vanquished.

Vanquished Creatures (others)
  A spiny frog (Lair:6)
  A water elemental (Elf:1)
  15 fungi
  13 plants
  23 tentacles
53 creatures vanquished.

Grand Total: 1160 creatures vanquished

Notes
Turn   | Place    | Note
-------+----------+-------------------------------------------
     0 | D:1      | JeffiDaFish the Draconian Fire Elementalist began the quest for the Orb.
     0 | D:1      | Reached XP level 1. HP: 14/14 MP: 3/3
   433 | D:1      | You fall through a shaft!
   620 | D:1      | Reached XP level 2. HP: 20/20 MP: 0/5
  1139 | D:1      | Reached XP level 3. HP: 11/26 MP: 2/7
  1320 | D:1      | Learned a level 3 spell: Conjure Flame
  1539 | D:2      | You fall through a shaft!
  1573 | D:3      | Reached XP level 4. HP: 33/33 MP: 2/8
  2161 | D:3      | Reached XP level 5. HP: 38/38 MP: 10/10
  2883 | D:2      | Learned a level 4 spell: Sticky Flame
  3124 | D:2      | Found a shadowy altar of Dithmenos.
  3160 | D:4      | Noticed dang3rdave's ghost (amateur GrMo)
  3163 | D:4      | Killed dang3rdave's ghost
  3163 | D:4      | Reached skill level 4 in Fire Magic
  3163 | D:4      | Reached XP level 6. HP: 39/45 MP: 5/12
  3585 | D:4      | Found a glowing drain.
  3599 | Sewer    | Entered a sewer
  3706 | Sewer    | Found a white marble altar of Elyvilon.
  3958 | D:5      | Entered Level 5 of the Dungeon
  4047 | D:5      | Your scales start taking on a glossy black colour.
  4047 | D:5      | Reached XP level 7. HP: 50/50 MP: 4/13
  4047 | D:5      | Gained mutation: You are resistant to electric shocks. (rElec) [Black Draconian growth]
  4200 | D:5      | Found a stormy altar of Qazlal.
  4291 | D:5      | Reached skill level 5 in Spellcasting
  4291 | D:5      | Reached skill level 5 in Conjurations
  5050 | D:5      | Learned a level 5 spell: Fireball
  5368 | D:5      | Found a staircase to the Ecumenical Temple.
  5383 | Temple   | Entered the Ecumenical Temple
  5413 | Temple   | Became a worshipper of Sif Muna the Loreminder
  5585 | D:6      | Reached skill level 5 in Fire Magic
  5590 | D:6      | Reached XP level 8. HP: 51/57 MP: 5/16
  5593 | D:6      | Found an iron altar of Okawaru.
  5856 | D:6      | Found a deep blue altar of Sif Muna.
  6023 | D:6      | Reached * piety under Sif Muna
  6661 | D:6      | Noticed Menkaure
  6667 | D:6      | Killed Menkaure
  6870 | D:6      | Learned a level 5 spell: Summon Demon
  7087 | D:7      | Reached skill level 1 in Fighting
  7087 | D:7      | Reached skill level 6 in Fire Magic
  7087 | D:7      | Reached XP level 9. HP: 37/64 MP: 19/19
  7268 | D:7      | Reached skill level 1 in Summonings
  7578 | D:7      | Reached ** piety under Sif Muna
  7960 | D:7      | Found an ornate altar of the Wu Jian Council.
  8223 | D:7      | Found an ancient bone altar of Kikubaaqudgha.
  8866 | D:8      | Noticed a two-headed ogre
  8871 | D:8      | Killed a two-headed ogre
  8871 | D:8      | Reached skill level 7 in Fire Magic
  9140 | D:8      | Reached *** piety under Sif Muna
  9440 | D:8      | Reached XP level 10. HP: 75/75 MP: 22/22
  9832 | D:9      | Noticed Grum
 10235 | D:9      | Noticed a two-headed ogre
 10250 | D:9      | Killed a two-headed ogre
 11042 | D:9      | Reached skill level 8 in Fire Magic
 11130 | D:9      | Killed Grum
 11265 | D:9      | Found a staircase to the Lair.
 11277 | D:9      | Reached **** piety under Sif Muna
 11474 | D:9      | Noticed a two-headed ogre
 11481 | D:9      | Killed a two-headed ogre
 12370 | D:10     | Entered Level 10 of the Dungeon
 12563 | D:10     | Reached XP level 11. HP: 45/85 MP: 1/24
 12885 | D:10     | Noticed heteroy's ghost (journeyman DsWn)
 13259 | D:10     | Found an ornate altar of the Wu Jian Council.
 13575 | D:10     | Reached skill level 9 in Fire Magic
 13733 | D:10     | Reached skill level 10 in Conjurations
 13882 | D:10     | Reached ***** piety under Sif Muna
 13882 | D:10     | Received a gift from Sif Muna
 13882 | D:10     | Reached skill level 5 in Fighting
 14016 | D:10     | Learned a level 5 spell: Bolt of Magma
 14039 | D:11     | Noticed a purple ugly thing
 14047 | D:11     | Killed a purple ugly thing
 14059 | D:11     | Noticed a seven-headed hydra
 14136 | D:11     | Killed a seven-headed hydra
 14381 | D:11     | Noticed a brown ugly thing
 14391 | D:11     | Killed a brown ugly thing
 15173 | D:11     | Killed an unseen horror
 15173 | D:11     | Reached skill level 5 in Summonings
 15538 | D:12     | Noticed Nessos
 15965 | Lair:1   | Entered Level 1 of the Lair of Beasts
 15974 | Lair:1   | Noticed estick's ghost (journeyman HOGl)
 16570 | Lair:1   | Identified a scroll of acquirement
 16670 | Lair:2   | Reached skill level 10 in Spellcasting
 16976 | Lair:2   | Reached skill level 10 in Fire Magic
 17413 | Lair:2   | Reached XP level 12. HP: 94/96 MP: 6/26
 18083 | Lair:2   | Learned a level 6 spell: Bolt of Fire
 18121 | Lair:2   | Received a gift from Sif Muna
 18589 | Lair:2   | Noticed a five-headed hydra
 18593 | Lair:2   | Killed a five-headed hydra
 19112 | Lair:3   | Got a pair of bloodstained gloves
 19229 | Lair:3   | Identified the -1 pair of gloves of the Vanishing Cities {rC+ Str+4 Int+3} (You found it on level 3 of the Lair of Beasts)
 19883 | Lair:3   | Noticed a five-headed hydra
 19888 | Lair:3   | Killed a five-headed hydra
 20364 | Lair:3   | Found the +9 staff of Olgreb {rPois}
 20814 | Lair:3   | Found a staircase to the Shoals.
 20968 | Lair:3   | Reached skill level 11 in Fire Magic
 21447 | Lair:3   | Identified Sif Muna's Tome of Aid (Sif Muna gifted it to you on level 3 of the Lair of Beasts)
 21447 | Lair:3   | Received a gift from Sif Muna
 21964 | Lair:4   | Reached XP level 13. HP: 105/105 MP: 19/28
 22105 | Lair:4   | Found a staircase to the Snake Pit.
 23947 | Lair:5   | Received a gift from Sif Muna
 24135 | Lair:5   | Found a stormy altar of Qazlal.
 24328 | Lair:5   | Reached skill level 12 in Fire Magic
 25022 | Lair:6   | Entered Level 6 of the Lair of Beasts
 25860 | Lair:6   | Found a staircase to the Slime Pits.
 25879 | Lair:6   | Learned a level 7 spell: Orb of Destruction
 26604 | Lair:6   | Noticed a dire elephant
 26630 | Lair:6   | Killed a dire elephant
 27050 | Lair:6   | Gained mutation: Your large and strong wings let you fly indefinitely. [Black Draconian growth]
 27050 | Lair:6   | Reached XP level 14. HP: 116/116 MP: 19/30
 28517 | D:12     | Identified Sif Muna's Disquisition on Clay and Evil Rites (Sif Muna gifted it to you on level 12 of the Dungeon)
 28517 | D:12     | Received a gift from Sif Muna
 28953 | D:12     | Noticed Frances
 28953 | D:12     | Noticed Psyche
 28956 | D:12     | Killed Psyche
 28963 | D:12     | Killed Frances
 29605 | D:12     | Found a staircase to the Orcish Mines.
 29712 | D:12     | Noticed Azrael
 29972 | D:12     | Killed Nessos
 30324 | D:12     | Killed Azrael
 30795 | D:13     | Noticed Sonja
 30799 | D:13     | Killed Sonja
 31037 | D:13     | Reached skill level 13 in Fire Magic
 31342 | D:13     | Gained mutation: Your magical capacity is low. (-10% MP) [potion of mutation]
 31342 | D:13     | Gained mutation: You evolve. [potion of mutation]
 31342 | D:13     | Gained mutation: You expend magic power (3 MP) to strengthen your wands. [potion of mutation]
 31343 | D:13     | Lost mutation: You expend magic power (3 MP) to strengthen your wands. [potion of mutation]
 31343 | D:13     | Lost mutation: You evolve. [potion of mutation]
 31343 | D:13     | Lost mutation: Your magical capacity is low. (-10% MP) [potion of mutation]
 31343 | D:13     | Gained mutation: Your flesh is heat resistant. (rF+) [potion of mutation]
 31343 | D:13     | Gained mutation: Your body sometimes deteriorates upon taking damage. [potion of mutation]
 31343 | D:13     | Gained mutation: You expend magic power (3 MP) to strengthen your wands. [potion of mutation]
 31343 | D:13     | Gained mutation: Your mind is acute. (Int +2) [potion of mutation]
 32005 | D:13     | Identified Sif Muna's Collected Works on Arcane Weapons (Sif Muna gifted it to you on level 13 of the Dungeon)
 32005 | D:13     | Received a gift from Sif Muna
 33469 | D:14     | HP: 4/118 [centaur warrior/arrow (11)]
 34871 | D:14     | Reached skill level 1 in Maces & Flails
 34957 | D:14     | Reached XP level 15. HP: 68/124 MP: 0/32
 35393 | D:14     | Found a gate to the Vaults.
 35579 | D:15     | Entered Level 15 of the Dungeon
 35580 | D:15     | Found a staircase to the Depths.
 35580 | D:15     | Noticed a fire giant
 35584 | D:15     | Killed a fire giant
 36815 | Orc:1    | Entered Level 1 of the Orcish Mines
 37166 | Orc:1    | Found Resownoid's Distillery.
 37359 | Orc:1    | Bought a potion of heal wounds for 65 gold pieces
 37359 | Orc:1    | Bought a potion of curing for 39 gold pieces
 37359 | Orc:1    | Bought a potion of magic for 104 gold pieces
 37359 | Orc:1    | Bought 2 potions of resistance for 260 gold pieces
 37359 | Orc:1    | Bought a potion of curing for 39 gold pieces
 37463 | Orc:1    | Paralysed by an orc sorcerer for 7 turns
 37794 | Orc:2    | Entered Level 2 of the Orcish Mines
 37987 | Orc:2    | Identified Sif Muna's Incunabulum of Creative Transmutation (Sif Muna gifted it to you on level 2 of the Orcish Mines)
 37987 | Orc:2    | Received a gift from Sif Muna
 38215 | Orc:2    | Found a roughly hewn altar of Beogh.
 38588 | Orc:2    | Found Cautsug's Armour Shop.
 38596 | Orc:2    | Bought the +1 pair of gloves of Weatt {*Slow Int+6} for 305 gold pieces
 38749 | Orc:2    | Found a staircase to the Elven Halls.
 39266 | Orc:2    | Noticed an orc warlord
 39636 | Orc:2    | Killed an orc warlord
 40475 | Orc:2    | Reached skill level 14 in Fire Magic
 41064 | Orc:2    | Found Mos Roim's General Store.
 41065 | Orc:2    | Found Lebarufa's Jewellery Shoppe.
 41066 | Orc:2    | Found Togunaed's Antique Armour Shoppe.
 41066 | Orc:2    | Found Bitijaj's Antique Weapon Emporium.
 41080 | Orc:2    | Bought a potion of haste for 140 gold pieces
 41080 | Orc:2    | Bought a scroll of enchant weapon for 105 gold pieces
 41080 | Orc:2    | Bought a potion of curing for 42 gold pieces
 41081 | Orc:2    | Bought the amulet of Law {Fragile +Fly Regen+ Int+3} for 517 gold pieces
 41164 | Elf:1    | Entered Level 1 of the Elven Halls
 41921 | Elf:1    | Found a magical portal.
 42332 | Elf:1    | Identified Sif Muna's Tome of Confrontation and Beguiling (Sif Muna gifted it to you on level 1 of the Elven Halls)
 42332 | Elf:1    | Received a gift from Sif Muna
 42901 | Elf:1    | Noticed a fire giant
 42914 | Elf:1    | Killed a fire giant
 43226 | Elf:1    | Reached XP level 16. HP: 72/132 MP: 20/33
 43932 | Elf:1    | Learned a level 8 spell: Ignition
 43960 | Elf:1    | Reached skill level 15 in Conjurations
 45097 | Elf:2    | Found a runed gate.
 45097 | Elf:2    | Found a runed gate.
 45150 | Elf:2    | Found a runed gate.
 45976 | Elf:2    | Noticed a deep elf blademaster
 45983 | Elf:2    | Killed a deep elf blademaster
 45983 | Elf:2    | Reached skill level 5 in Maces & Flails
 45983 | Elf:2    | Reached skill level 10 in Summonings
 46552 | Elf:2    | Noticed ultracola's ghost (veteran FoFi)
 46575 | Elf:2    | Killed ultracola's ghost
 46575 | Elf:2    | Reached skill level 15 in Fire Magic
 47730 | Elf:3    | Entered Level 3 of the Elven Halls
 48144 | Elf:3    | Identified Sif Muna's Volume of the Aerial Blaze (Sif Muna gifted it to you on level 3 of the Elven Halls)
 48144 | Elf:3    | Received a gift from Sif Muna
 49220 | Snake:1  | Entered Level 1 of the Snake Pit
 49479 | Snake:1  | Reached XP level 17. HP: 138/138 MP: 28/35
 49745 | Snake:1  | Reached skill level 15 in Spellcasting
 51619 | Shoals:1 | Entered Level 1 of the Shoals
 51813 | Shoals:1 | Noticed Josephine
 51817 | Shoals:1 | Killed Josephine
 52599 | Shoals:1 | Noticed a kraken
 52604 | Shoals:1 | Killed a kraken
 52993 | Shoals:1 | Noticed a kraken
 53005 | Shoals:1 | HP: 6/138 [tentacle[a kraken] (9)]
 53424 | Shoals:1 | Killed a kraken
 53748 | Shoals:2 | Reached skill level 16 in Fire Magic
 54571 | Shoals:2 | Identified Sif Muna's Collected Works on Talismans and the Compass (Sif Muna gifted it to you on level 2 of the Shoals)
 54571 | Shoals:2 | Received a gift from Sif Muna
 55643 | Shoals:3 | Noticed Polyphemus
 55797 | Shoals:3 | Killed Polyphemus
 56177 | Shoals:3 | Noticed a kraken
 56685 | Shoals:3 | Killed a kraken
 58451 | Snake:2  | Noticed Saint Roka
 59143 | Snake:2  | Reached XP level 18. HP: 145/145 MP: 27/37
 59927 | Snake:2  | Killed Saint Roka
 60870 | Snake:3  | Identified Sif Muna's Almanac of Burning Calling (Sif Muna gifted it to you on level 3 of the Snake Pit)
 60870 | Snake:3  | Received a gift from Sif Muna
 60870 | Snake:3  | Reached skill level 17 in Fire Magic
 61463 | Shoals:4 | Entered Level 4 of the Shoals
 61879 | Shoals:3 | HP: 2/145 [sea snake (23)]
 61880 | Shoals:3 | Succumbed to a sea snake's poison

Vault maps used:
D:1:      doesnt_arrival_eight_statues
D:2:      first_ration, lemuel_tele_altar
D:3:      minmay_strange_pillars
D:4:      cheibrodos_sewer_entry_bend
D:5:      grunt_qazlal_clouds, lemuel_temple_firewalk_a, hangedman_decor_points
D:6:      okawaru_altar_gauntlet_db, minmay_misc_feat_tiny, grunt_ministairs_12,
          dk_noncrumbling_3, led_sif_book, uniq_menkaure
D:7:      kiku_gazebo_pond_becter, lemuel_crystal_altar
D:8:      special_room
D:9:      cheibrodos_two_vegetables, dpeg_oklobed_lair, uniq_grum
D:10:     basic_altar, hangedman_fish_farm
D:12:     orc_0_dummy, uniq_nessos, uniq_azrael, uniq_frances, uniq_psyche
D:13:     special_room, uniq_sonja
D:14:     lightli_vaults_fourway_checkpoint, kennysheep_minor_cross
D:15:     grunt_enter_depths_giant_problem
Temple:   hc_temple_tempest_star
Lair:2:   serial_bayou_shore_a, grunt_megastairs_2
Lair:3:   elwin_shoals_entry_rooms, serial_bayou_crossing, grunt_megastairs_4,
          minmay_lair_oklob_chamber
Lair:4:   guppyfry_snake_entry_island, infiniplex_staircase_pool,
          serial_bayou_shore_b, lemuel_fruit_tree
Lair:5:   basic_altar
Lair:6:   hangedman_lair_in_review, nicolae_slime_entry_slimehenge
Shoals:1: uniq_josephine
Shoals:3: uniq_polyphemus
Shoals:4: shoals_end_simple, shoals_ilsuiw_alternative
Snake:2:  uniq_saint_roka
Snake:3:  basic_altar
Orc:1:    serial_shops, nicolae_shop_statue_plus
Orc:2:    st_orc_congregation, basic_altar, serial_shops, nicolae_shop_stone,
          special_room
Elf:1:    minmay_firetagon, mu_enter_wizlab_4
Elf:2:    minivault_4
Elf:3:    grunt_elf_hall_branching, uniq_donald
Sewer:    sewer_kobolds

Skill      XL: |  1  2  3  4  5  6  7  8  9 10 11 12 13 14 15 16 17 18 |
---------------+-------------------------------------------------------+-----
Conjurations   | 2 3 4 5 7 8 9 10 11 12 14 15 16 | 16.3
Spellcasting   | 3 4 5 7 8 9 10 11 12 13 14 15 16 | 16.3
Fire Magic     | 4 5 6 7 8 10 11 12 13 14 15 16 17 | 17.1
Fighting       | 1 2 4 6 7 8 9 |  9.3
Summonings     | 2 4 5 6 7 8 9 10 | 10.3
Maces & Flails | 1 4 6 8 |  8.6
Dodging        | |  1.7
Stealth        | |  1.7

Action                   |  1- 3 |  4- 6 |  7- 9 | 10-12 | 13-15 | 16-18 || total
-------------------------+-------+-------+-------+-------+-------+-------++-------
Melee: Unarmed           |    17 |       |       |       |       |       ||    17
       Tailslap          |     6 |    12 |    22 |    28 |    26 |    13 ||   107
       Dagger            |    21 |       |       |       |       |       ||    21
       Short sword       |    32 |    53 |       |       |       |       ||    85
       Flail             |       |    41 |   250 |   196 |   283 |       ||   770
       Great mace        |       |       |       |       |     7 |    92 ||    99
 Cast: Flame Tongue      |    26 |    53 |   122 |   114 |    16 |       ||   331
       Conjure Flame     |       |     3 |     2 |     5 |     3 |       ||    13
       Sticky Flame      |       |       |    37 |    78 |   104 |    25 ||   244
       Fireball          |       |       |     3 |   131 |   173 |    43 ||   350
       Summon Demon      |       |       |       |     8 |    37 |    12 ||    57
       Bolt of Magma     |       |       |       |     5 |   159 |    52 ||   216
       Bolt of Fire      |       |       |       |     5 |    82 |    75 ||   162
       Orb of Destructio |       |       |       |       |    61 |   236 ||   297
       Ignition          |       |       |       |       |       |    10 ||    10
Invok: Divine Energy     |       |       |     1 |       |       |       ||     1
       Forget Spell      |       |       |       |       |     1 |       ||     1
 Abil: Breathe Lightning |       |       |       |     3 |     2 |     1 ||     6
       Fly               |       |       |       |       |     1 |       ||     1
Evoke: Wand              |       |       |       |       |     1 |       ||     1
  Use: Scroll            |     7 |     5 |     5 |     9 |    10 |    10 ||    46
       Potion            |     1 |     6 |     3 |     7 |     5 |     7 ||    29
 Stab: Sleeping          |     6 |    10 |     1 |       |       |       ||    17
       Distracted        |       |       |       |     1 |     2 |       ||     3
       Paralysed         |       |       |       |       |       |     2 ||     2
  Eat: Chunk             |     2 |    18 |    27 |    75 |   139 |   111 ||   372
       Ration            |       |       |       |       |       |     4 ||     4
Armor: Skin              |    18 |    40 |   106 |   149 |   192 |    77 ||   582
Dodge: Dodged            |    47 |    40 |   206 |   230 |   358 |   237 ||  1118

Table legend:
 A = Spawn XP
 B = Non-spawn XP
 C = Spawn XP percentage of total XP
 D = Spawn monster count
 E = Non-spawn monster count
 F = Spawn count percentage of total count
 G = Total turns spent on level
                    A         B        C        D         E        F      G
               +---------+---------+-------+---------+---------+-------+---------
         Total |       0 |  322008 |   0.0 |       0 |    1087 |   0.0 | 61880
               +---------+---------+-------+---------+---------+-------+---------
           D:1 |       0 |      49 |   0.0 |       0 |      23 |   0.0 |  1395
           D:2 |       0 |      32 |   0.0 |       0 |      14 |   0.0 |   563
           D:3 |       0 |     169 |   0.0 |       0 |      29 |   0.0 |  1192
           D:4 |       0 |     289 |   0.0 |       0 |       4 |   0.0 |   651
           D:5 |       0 |     660 |   0.0 |       0 |      27 |   0.0 |  1521
           D:6 |       0 |    1361 |   0.0 |       0 |      35 |   0.0 |  1447
           D:7 |       0 |    1065 |   0.0 |       0 |      14 |   0.0 |  1487
           D:8 |       0 |    1809 |   0.0 |       0 |      35 |   0.0 |  1258
           D:9 |       0 |    4580 |   0.0 |       0 |      46 |   0.0 |  2685
          D:10 |       0 |    3726 |   0.0 |       0 |      26 |   0.0 |  1791
          D:11 |       0 |    4291 |   0.0 |       0 |      27 |   0.0 |  2795
          D:12 |       0 |   12247 |   0.0 |       0 |      38 |   0.0 |  1567
          D:13 |       0 |   13207 |   0.0 |       0 |      56 |   0.0 |  3165
          D:14 |       0 |   10044 |   0.0 |       0 |      32 |   0.0 |  1634
          D:15 |       0 |    8559 |   0.0 |       0 |      17 |   0.0 |  1196
        Lair:1 |       0 |    1177 |   0.0 |       0 |       5 |   0.0 |   715
        Lair:2 |       0 |    6771 |   0.0 |       0 |      47 |   0.0 |  2422
        Lair:3 |       0 |    8318 |   0.0 |       0 |      40 |   0.0 |  3184
        Lair:4 |       0 |   12735 |   0.0 |       0 |      45 |   0.0 |  2031
        Lair:5 |       0 |    8215 |   0.0 |       0 |      26 |   0.0 |  1782
        Lair:6 |       0 |   15230 |   0.0 |       0 |      40 |   0.0 |  3110
      Shoals:1 |       0 |   14923 |   0.0 |       0 |      26 |   0.0 |  1922
      Shoals:2 |       0 |   12629 |   0.0 |       0 |      24 |   0.0 |  2787
      Shoals:3 |       0 |   28552 |   0.0 |       0 |      50 |   0.0 |  2015
      Shoals:4 |       0 |    3613 |   0.0 |       0 |       6 |   0.0 |    40
       Snake:1 |       0 |   17228 |   0.0 |       0 |      39 |   0.0 |  4200
       Snake:2 |       0 |   24164 |   0.0 |       0 |      38 |   0.0 |   986
       Snake:3 |       0 |    9729 |   0.0 |       0 |      16 |   0.0 |    28
         Orc:1 |       0 |    4840 |   0.0 |       0 |      32 |   0.0 |  1027
         Orc:2 |       0 |   14294 |   0.0 |       0 |     111 |   0.0 |  3533
         Elf:1 |       0 |   24902 |   0.0 |       0 |      46 |   0.0 |  3015
         Elf:2 |       0 |   41460 |   0.0 |       0 |      50 |   0.0 |  3432
         Elf:3 |       0 |   11017 |   0.0 |       0 |      11 |   0.0 |  1100
         Sewer |       0 |     123 |   0.0 |       0 |      12 |   0.0 |   157
               +---------+---------+-------+---------+---------+-------+---------
